 Dungeon Crawl Stone Soup version 0.29.1-15-g9cfb28693d (webtiles) character file.

Game seed: 3261237305472145193

641 croobank the Firebug (level 7, 0/44 (46) HPs)
             Began as a Demonspawn Fire Elementalist on Mar 25, 2023.
             Slain by a wight
             ... wielding the +9 sword of Zonguldrok {reap}
              (16 damage)
             ... on level 4 of the Dungeon.
             The game lasted 00:12:34 (5094 turns).

croobank the Firebug (Demonspawn Fire Elementalist) Turns: 5094, Time: 00:12:34

HP:   0/44 (46)     AC:  6    Str:  9    XL:     7   Next: 26%
MP:   7/12          EV: 13    Int: 18    God:
Gold: 75            SH:  0    Dex: 13    Spells: 6/13 levels left

rFire   . . .      SeeInvis .   q - +1 dagger (elec)
rCold   . . .      Faith    .   (no shield)
rNeg    . . .      Spirit   .   A - +1 robe
rPois   .          Reflect  .   (no helmet)
rElec   .          Harm     .   (no cloak)
rCorr   .          Rampage  .   l - +1 pair of gloves
Will    .....                   (no boots)
Stlth   ++........              (no amulet)
HPRegen 0.14/turn               (no ring)
MPRegen 0.26/turn               (no ring)

@: lightly drained
A: hooves 1, demonic guardian 1, magic regeneration, sharp scales 1
a: no special abilities


You were on level 4 of the Dungeon.
You visited 1 branch of the dungeon, and saw 4 of its levels.

You collected 171 gold pieces.
You spent 96 gold pieces at shops.

Inventory:

Hand Weapons
 d - a +0 trident
 i - a +0 short sword
 j - a +0 war axe
 n - a +2 vorpal spear
 q - a +1 dagger of electrocution (weapon)
 w - a +1 vampiric dagger
 E - a +0 morningstar
Missiles
 s - 3 throwing nets
Armour
 f - a +0 ring mail
 l - a +1 pair of gloves (worn)
 t - a +0 pair of boots
 A - a +1 robe (worn)
Magical Staves
 a - a staff of air
Wands
 x - a wand of flame (13)
Scrolls
 g - a scroll of enchant armour {unknown}
 m - a scroll of immolation {unknown}
 o - 3 scrolls of magic mapping {unknown}
 p - a scroll of blinking {unknown}
 r - 2 scrolls of butterflies {unknown}
 y - a scroll of brand weapon {unknown}
 C - a scroll of enchant weapon {unknown}
 D - a scroll of poison {unknown}
Potions
 b - a potion of magic
 c - 2 potions of brilliance
 e - 3 potions of curing
 h - 3 potions of heal wounds
 k - a potion of lignification {unknown}
 u - 2 potions of flight {unknown}
 v - a potion of invisibility {unknown}
 z - a potion of attraction {unknown}
Miscellaneous
 B - a phial of floods
 F - a tin of tremorstones (2/2)


   Skills:
 + Level 3.6 Dodging
 + Level 3.8 Stealth
 + Level 3.6 Spellcasting
 + Level 3.5 Conjurations
 + Level 4.1 Fire Magic


You had 6 spell levels left.
You knew the following spells:

 Your Spells              Type           Power      Damage    Failure   Level
a - Foxfire               Conj/Fire      68%        2x1d7     3%          1
b - Scorch                Fire           36%        2d6       4%          2
c - Flame Wave            Conj/Fire      17%        2d7       30%         4

Your spell library contained the following spells:

 Spells                   Type           Power      Damage    Failure   Level
 Shock                    Conj/Air       36%        1d5       8%          1
 Conjure Flame            Conj/Fire      17%        6-21      10%         3
 Static Discharge         Conj/Air       9%         3-5/arc   11%         2
 Inner Flame              Hex/Fire       10%        N/A       19%         3
 Sticky Flame             Conj/Fire      17%        2d4       30%         4
 Swiftness                Air            3%         N/A       41%         3
 Airstrike                Air            1%         2d(1-17)  83%         4
 Dispel Undead            Necr           3%         3d7       83%         4


Dungeon Overview and Level Annotations

Branches:
Dungeon (4/15)
 Temple: D:4-7

Altars:

Shops:
D:3 :[

Annotations:
D:4 2 runed translucent doors


Innate Abilities, Weirdness & Mutations

You have large cloven feet.
A weak demonic guardian rushes to your aid.
You regenerate magic rapidly.
You are partially covered in razor-sharp scales. (AC +1, Slay +1)


Message History

You hit the howler monkey but do no damage.
You kick the howler monkey.
The howler monkey is severely wounded.
The howler monkey hits you but does no damage.
You barely miss the howler monkey. Your kick misses the howler monkey.
The howler monkey is severely wounded.
The howler monkey closely misses you.
You closely miss the howler monkey. Your kick misses the howler monkey.
The howler monkey is severely wounded.
The howler monkey closely misses you.
You closely miss the howler monkey.
The howler monkey is severely wounded.
The howler monkey hoots and howls with incredible vigour!
You hit the howler monkey. Your kick misses the howler monkey.
The howler monkey is almost dead.
The howler monkey barely misses you. The howler monkey closely misses you.
You hit the howler monkey.
You kill the howler monkey!
The wight unwields the +9 sword of Zonguldrok {reap}.
The wight wields a +0 sling.
The wight shoots a sling bullet.
The sling bullet hits you.
Casting: Scorch (safe; 4% risk of failure)
Confirm with . or Enter, or press ? or * to list all spells.
Flames lash the wight but do no damage.
The wight unwields a +0 sling.
The wight wields the +9 sword of Zonguldrok {reap}.
It is briefly surrounded by shifting shadows.
The wight hits you with the +9 sword of Zonguldrok {reap}!!
You feel drained.
You barely miss the wight. The wight completely misses you.
Casting: Scorch (safe; 4% risk of failure)
Confirm with . or Enter, or press ? or * to list all spells.
Flames lash the wight.
The wight is lightly damaged.
The wight's fire resistance burns away.
The wight closely misses you.
Casting: Scorch (safe; 4% risk of failure)
Confirm with . or Enter, or press ? or * to list all spells.
Flames lash the wight.
The wight is burned terribly!
The wight is heavily damaged.
The wight hits you with the +9 sword of Zonguldrok {reap}!
You die...

#.#.#.##.'.##++##..# #.##
##.#.##.#####8..8##.## #.#.
#..##)#..# #8....8#..# #.#.
....###### #..?..[#..# #.#.
##).###### #)....?#..# #.#.
...##....# #8....8#..# #.#.
.#.#..#######8..8##..#########.##
.#.#(##.#.'.##''##.......)...#.#.
.#.#.#(#.)#....z@..######....#...
...#.####.#..####### #....###.
##.##††..##..############....# #.
....######...................###.
###........#.#####...............
###........# #>.......#'####.
########## #........#'####.
#............... #..............<


You could see a wight (combustible).

Vanquished Creatures
  A wyvern (D:4)
  A howler monkey (D:4)
  2 hounds (D:4)
  An orc wizard (D:4)
  An orc priest (D:4)
  An iguana (D:4)
  Terence (D:2)
  Natasha (thrice) (D:2)
  6 adders
  4 gnolls (D:3)
  4 worms
  A dart slug (D:4)
  8 orcs (D:4)
  5 bats
  9 endoplasms
  3 giant cockroaches (D:4)
  10 goblins
  6 hobgoblins
  9 jackals
  9 kobolds
  6 quokkas
  11 ball pythons
  3 frilled lizards
  4 rats
  A spectral kobold (D:2)
110 creatures vanquished.

Vanquished Creatures (others)
  96 foxfires
  5 toadstools (D:1)
101 creatures vanquished.

Grand Total: 211 creatures vanquished

Notes
Turn   | Place    | Note
-------+----------+-------------------------------------------
     0 | D:1      | croobank the Demonspawn Fire Elementalist began the quest
                  | for the Orb.
     0 | D:1      | Reached XP level 1. HP: 13/13 MP: 3/3
   309 | D:1      | Gained mutation: You are partially covered in razor-sharp
                  | scales. (AC +1, Slay +1) [demonic ancestry]
   309 | D:1      | Reached XP level 2. HP: 19/19 MP: 1/5
   366 | D:1      | Learned a level 2 spell: Scorch
  1166 | D:2      | Reached skill level 3 in Fire Magic
  1166 | D:2      | Gained mutation: You regenerate magic rapidly. [demonic
                  | ancestry]
  1166 | D:2      | Reached XP level 3. HP: 24/24 MP: 0/6
  1616 | D:2      | Noticed Natasha
  1623 | D:2      | Killed Natasha
  1624 | D:2      | Gained mutation: You have large cloven feet. [demonic
                  | ancestry]
  1624 | D:2      | Reached XP level 4. HP: 22/30 MP: 1/7
  1699 | D:2      | Noticed Natasha
  1704 | D:2      | Killed Natasha
  1817 | D:2      | Noticed Terence
  1818 | D:2      | Noticed Natasha
  1826 | D:2      | Killed Natasha
  2026 | D:2      | Found a faded altar of an unknown god.
  2263 | D:2      | Killed Terence
  2264 | D:2      | Reached XP level 5. HP: 35/35 MP: 9/9
  2441 | D:3      | Found Jeradiet's Book Emporium.
  2441 | D:3      | Found Quvoroar's Antique Armour Emporium.
  3626 | D:3      | Bought a glowing robe for 96 gold pieces
  3784 | D:4      | Found a large runed translucent door.
  3809 | D:4      | Found a large runed translucent door.
  3993 | D:4      | Noticed a wyvern
  4007 | D:4      | Killed a wyvern
  4008 | D:4      | Gained mutation: A weak demonic guardian rushes to your
                  | aid. [demonic ancestry]
  4008 | D:4      | Reached XP level 6. HP: 17/41 MP: 2/11
  4219 | D:4      | Found a large runed translucent door.
  4219 | D:4      | Found a large runed translucent door.
  4594 | D:4      | Reached skill level 4 in Fire Magic
  4773 | D:4      | Reached XP level 7. HP: 46/46 MP: 7/12
  4793 | D:4      | Learned a level 4 spell: Flame Wave
  5094 | D:4      | Slain by a wight

Illustrated notes

Levels and vault maps discovered:
D:1:      ldierk_walled_garden, layout_basic
D:2:      layout_rooms, dreamdust_ecumenical_altar_drowned_temple, uniq_natasha,
          uniq_terence
D:3:      layout_loops_corners, serial_shops, shop,
          nicolae_shop_advertising_works [nicolae_subvault_shop_adworks],
          grunt_decor_clamped
D:4:      layout_basic, minmay_hollow_rounded_squares

Skill      XL: |  1  2  3  4  5  6 |
---------------+-------------------+-----
Stealth        | 2 3 |  3.8
Dodging        | 2 3 |  3.6
Fire Magic     | 3 4 |  4.1
Conjurations   | 2 3 |  3.5
Spellcasting   | 3 |  3.6

Action                   |  1- 3 |  4- 6 |  7- 9 || total
-------------------------+-------+-------+-------++-------
Melee: Unarmed           |     1 |       |       ||     1
       Dagger            |    13 |    56 |    17 ||    86
       Short sword       |    13 |     7 |       ||    20
       Kick              |       |    16 |     1 ||    17
 Cast: Foxfire           |    53 |     9 |       ||    62
       Scorch            |     3 |    55 |    13 ||    71
  Use: Scroll            |       |     6 |       ||     6
 Stab: Sleeping          |     2 |     4 |       ||     6
Armor: Robe              |    11 |    24 |     6 ||    41
Dodge: Dodged            |    23 |    53 |    13 ||    89
